 Dungeon Crawl Stone Soup version 0.31-a0-825-gf28bc0971e (webtiles) character file.

Game seed: 17048704870028360076

575 qw the Shooter (level 7, 0/44 HPs)
             Began as a Gargoyle Hunter on Sept 23, 2023.
             Slain by a killer bee (2 damage)
             ... on level 4 of the Dungeon.
             The game lasted 00:01:32 (3306 turns).

qw the Shooter (Gargoyle Hunter)                    Turns: 3306, Time: 00:01:32

Health: 0/44       AC:  7    Str: 15    XL:     7   Next: 35%
Magic:  7/7        EV: 12    Int:  9    God:
Gold:   163        SH:  0    Dex: 15    Spells: 6/6 levels left

rFire   + . .        Y - +0 shortbow
rCold   . . .        (shield currently unavailable)
rNeg    + . .        c - +0 leather armour
rPois   inf          (no helmet)
rElec   +            (no cloak)
rCorr   .            (no gloves)
SInv    .            (no boots)
Will    .....        (no amulet)
Stlth   ++           d - ring of protection from fire
HPRegen 0.27/turn    (no ring)
MPRegen 0.10/turn

%: no passive effects
@: about to teleport
A: sickness immunity, AC +4, negative energy resistance 1, electricity
resistance, torment resistance 1, petrification resistance
a: no special abilities


You were on level 4 of the Dungeon.
You visited 1 branch of the dungeon, and saw 4 of its levels.

You collected 208 gold pieces.
You spent 45 gold pieces at shops.


Innate Abilities, Weirdness & Mutations

You are immune to sickness and miasma.
Your stone body is resilient. (AC +4)
You are immune to poison.
You resist negative energy. (rN+)
You are resistant to electric shocks. (rElec)
You are resistant to unholy torment.
You are immune to petrification.


   Skills:
 - Level 5.3 Fighting
 + Level 7.2 Ranged Weapons
 - Level 2.0 Dodging
 - Level 1.1 Stealth


You had 6 spell levels left.
You didn't know any spells.
Your spell library was empty.

Inventory:

Hand Weapons
 Y - a +0 shortbow (weapon)
Armour
 c - a +0 leather armour (worn)
 m - a +0 ring mail
 n - a +0 pair of gloves
Jewellery
 d - a ring of protection from fire (left hand)
Wands
 h - a wand of digging (6)
Scrolls
 a - 2 scrolls of teleportation
 g - a scroll of identify
 k - 3 scrolls of noise {unknown}
Potions
 b - a potion of mutation {unknown}
 e - a potion of resistance {unknown}
 f - a potion of ambrosia {unknown}
 i - a potion of berserk rage {unknown}
 j - a potion of heal wounds
 l - a potion of might {unknown}

Dungeon Overview and Level Annotations

Branches:
Dungeon (4/15)
 Temple: D:4-7

Altars:

Shops:
D:3 :   D:4 [


Message History

Enter note:
3299 |||
Found retreat position at 3,2 (floor) with 0 blocking monsters and 1 monsters attacking at destination at distance 3
3299 ||| Stepping ~*~*~tactically~*~*~ (retreating).
The killer bee attacks as it pursues you!
The killer bee stings you.
Enter note:
Enter note:
Enter note:
3300 |||
Found retreat position at 2,1 (floor) with 0 blocking monsters and 1 monsters attacking at destination at distance 2
3300 ||| Stepping ~*~*~tactically~*~*~ (retreating).
The killer bee stings you but does no damage.
Enter note:
Enter note:
Enter note:
3301 |||
Found retreat position at 1,0 (floor) with 0 blocking monsters and 1 monsters attacking at destination at distance 1
3301 ||| Stepping ~*~*~tactically~*~*~ (retreating).
The killer bee closely misses you.
You shoot an arrow. The arrow hits the killer bee.
You kill the killer bee!
The killer bee barely misses you.
You shoot an arrow. The arrow barely misses the killer bee.
The arrow hits the phantom!
The phantom is almost destroyed.
The killer bee closely misses you.
The killer bee stings you but does no damage.
The killer bee stings you.
You shoot an arrow.
The arrow closely misses the killer bee.
The arrow barely misses the phantom.
The killer bee stings you but does no damage.
The killer bee barely misses you.
You shoot an arrow. The arrow hits the killer bee.
The killer bee is moderately wounded.
The killer bee stings you! The killer bee stings you.
3306 ||| READING 3 scrolls of teleportation.
As you read the scroll of teleportation, it crumbles to dust.
You feel strangely unstable.
The killer bee stings you but does no damage.
The killer bee stings you.
You die...

.......####<#...###
..y.#....8.\.8..#.#
.........##.##....##
...W.....#%8.......#
.#.....#......#...##
##...##.##..h.#...#
###....####..##..#
#........#.h#####
#..........Wy@#
###...........###
#..#....#.##..##
##.....##.#....##
##....#####....#
###..# #..### ####
####


You could see a phantom, a hound and a killer bee.

Vanquished Creatures
  Sigmund (D:3)
  A scorpion (D:4)
  2 killer bees (D:4)
  An orc wizard (D:3)
  7 gnolls
  9 adders
  3 worms
  2 dart slugs
  9 orcs
  7 ball pythons
  7 bats
  9 endoplasms
  4 giant cockroaches
  9 goblins
  7 hobgoblins
  9 kobolds
  A quokka (D:4)
  5 frilled lizards
  9 rats
102 creatures vanquished.

Notes
Turn   | Place    | Note
-------+----------+-------------------------------------------
     0 | D:1      | qw the Gargoyle Hunter began the quest for the Orb.
     0 | D:1      | Reached XP level 1. HP: 12/12 MP: 1/1
     0 | D:1      | 0 ||| qw: Version: 0.3-a-83-gcd0e7d8
     0 | D:1      | 0 ||| qw: Game counter: 1783
     0 | D:1      | 0 ||| qw: Melee chars always use a shield: true
     0 | D:1      | 0 ||| qw: God list: Okawaru
     0 | D:1      | 0 ||| qw: Allow faded altars: false
     0 | D:1      | 0 ||| qw: Do Orc after clearing Dungeon:15 true
     0 | D:1      | 0 ||| qw: Do second Lair branch before Depths: true
     0 | D:1      | 0 ||| qw: Lair rune preference: random
     0 | D:1      | 0 ||| qw: Goals: Normal
     0 | D:1      | 0 ||| PLANNING D:1-11
    48 | D:1      | Reached XP level 2. HP: 17/17 MP: 2/2
   411 | D:1      | Reached XP level 3. HP: 21/21 MP: 3/3
   625 | D:1      | Reached skill level 5 in Ranged Weapons
   739 | D:1      | 739 ||| READING 2 scrolls labelled IWKAEHOSHRU.
   740 | D:1      | 740 ||| READING scroll labelled NIOMAO UG ZOTA.
   841 | D:1      | 841 ||| READING 2 scrolls labelled SAPYAKL TOVAOL.
   842 | D:1      | 842 ||| READING scroll labelled GETEWE TOTEW.
   843 | D:1      | 843 ||| READING scroll labelled QANYUL ZIDU.
   844 | D:1      | 844 ||| DRINKING 2 red potions.
   888 | D:1      | 888 ||| DROPPING scroll of fog.
   889 | D:1      | 889 ||| DROPPING scroll of butterflies.
   890 | D:1      | 890 ||| DROPPING scroll of revelation.
   891 | D:1      | 891 ||| DROPPING potion of lignification.
  1078 | D:2      | Reached skill level 3 in Fighting
  1092 | D:2      | 1092 ||| RETREEAATING.
  1093 | D:2      | 1093 ||| STILL RETREEAATING.
  1095 | D:2      | 1095 ||| Stepping ~*~*~tactically~*~*~ (retreating).
  1100 | D:2      | 1100 ||| Stepping ~*~*~tactically~*~*~ (retreating).
  1101 | D:2      | 1101 ||| Stepping ~*~*~tactically~*~*~ (retreating).
  1102 | D:2      | 1102 ||| Stepping ~*~*~tactically~*~*~ (retreating).
  1103 | D:2      | 1103 ||| Stepping ~*~*~tactically~*~*~ (retreating).
  1113 | D:2      | Reached XP level 4. HP: 22/28 MP: 4/4
  1853 | D:2      | 1853 ||| UPGRADING to ring of protection from fire.
  1854 | D:2      | 1854 ||| READING 3 scrolls labelled ETOM LYERE.
  1865 | D:3      | Found Genn's Book Shop.
  2060 | D:3      | Reached XP level 5. HP: 32/32 MP: 5/5
  2104 | D:3      | Reached skill level 6 in Ranged Weapons
  2110 | D:3      | HP: 8/32 [orc wizard/+0 dagger (2)]
  2111 | D:3      | 2111 ||| READING 2 scrolls of teleportation.
  2267 | D:3      | Noticed Sigmund
  2283 | D:3      | HP: 5/32 [something (8)]
  2285 | D:3      | Killed Sigmund
  2286 | D:3      | Reached XP level 6. HP: 7/40 MP: 6/6
  2682 | D:3      | 2682 ||| DRINKING 2 fizzy golden potions.
  2708 | D:4      | 2708 ||| STAIRDANCE
  2740 | D:4      | 2740 ||| STAIRDANCE
  2758 | D:4      | 2758 ||| STAIRDANCE
  2800 | D:4      | 2800 ||| STAIRDANCE
  2903 | D:4      | 2903 ||| STAIRDANCE
  3119 | D:4      | Reached XP level 7. HP: 30/44 MP: 7/7
  3204 | D:4      | Reached skill level 7 in Ranged Weapons
  3219 | D:4      | Found Wariwurgho's Armour Shop.
  3222 | D:4      | 3222 ||| BUYING +0 pair of gloves (45 gold).
  3222 | D:4      | Bought a +0 pair of gloves for 45 gold pieces
  3222 | D:4      | 3222 ||| SHOPLISTING +1 cloak of Starlight {*Dazzle EV+4
                  | Stlth--} (305 gold, have 140).
  3268 | D:4      | 3268 ||| RETREEAATING.
  3269 | D:4      | 3269 ||| Stepping ~*~*~tactically~*~*~ (retreating).
  3270 | D:4      | 3270 ||| Stepping ~*~*~tactically~*~*~ (retreating).
  3271 | D:4      | 3271 ||| Stepping ~*~*~tactically~*~*~ (retreating).
  3272 | D:4      | 3272 ||| Stepping ~*~*~tactically~*~*~ (retreating).
  3273 | D:4      | 3273 ||| Stepping ~*~*~tactically~*~*~ (retreating).
  3275 | D:4      | 3275 ||| Stepping ~*~*~tactically~*~*~ (retreating).
  3297 | D:4      | 3297 ||| Stepping ~*~*~tactically~*~*~ (retreating).
  3298 | D:4      | 3298 ||| Stepping ~*~*~tactically~*~*~ (retreating).
  3299 | D:4      | 3299 ||| Stepping ~*~*~tactically~*~*~ (retreating).
  3300 | D:4      | 3300 ||| Stepping ~*~*~tactically~*~*~ (retreating).
  3301 | D:4      | 3301 ||| Stepping ~*~*~tactically~*~*~ (retreating).
  3305 | D:4      | HP: 8/44 [killer bee (7)]
  3305 | D:4      | HP: 2/44 [killer bee (6)]
  3306 | D:4      | 3306 ||| READING 3 scrolls of teleportation.
  3306 | D:4      | Slain by a killer bee

Levels and vault maps discovered:
D:1:      dpeg_arrival_simpleton_c, layout_basic
D:2:      layout_basic, nicolae_wormholes
D:3:      layout_rooms, serial_shops, shop, minmay_crystal_water,
          kennysheep_small_spiral, st_stairs_5, uniq_sigmund
D:4:      layout_cave_pools, serial_shops, nicolae_shop_statue_plus

Skill      XL: |  1  2  3  4  5  6  7 |
---------------+----------------------+-----
Ranged Weapons | 5 6 7 |  7.2
Fighting       | 3 5 |  5.3
Dodging        | 2 |  2.0
Stealth        | |  1.1

Action                     |  1- 3 |  4- 6 |  7- 9 || total
---------------------------+-------+-------+-------++-------
   Fire: Shortbow          |   104 |   228 |    53 ||   385
    Use: Scroll            |     5 |     2 |     1 ||     8
         Potion            |     1 |     1 |       ||     2
 Armour: Leather armour    |    27 |    79 |    43 ||   149
  Dodge: Dodged            |    20 |    79 |    40 ||   139

Table legend:
 A = Non-vault XP
 B = Vault XP
 C = Vault XP percentage of total XP
 D = Non-vault monster count
 E = Vault monster count
 F = Vault count percentage of total count
                 A         B        C        D         E       F
            +---------+---------+-------+---------+---------+-------
      Total |     582 |     240 |  29.2 |      96 |       6 |   5.9
            +---------+---------+-------+---------+---------+-------
        D:1 |      40 |       0 |   0.0 |      24 |       0 |   0.0
        D:2 |      90 |      10 |  10.0 |      23 |       2 |   8.0
        D:3 |     108 |     230 |  68.0 |      25 |       4 |  13.8
        D:4 |     344 |       0 |   0.0 |      24 |       0 |   0.0
            +---------+---------+-------+---------+---------+-------
